 Dungeon Crawl Stone Soup version 0.15.0-14-g6bbbb5c (console) character file.

18 gw the Ducker (level 2, 0/14 HPs)
             Began as a Felid Abyssal Knight on Sept 4, 2014.
             Was a Follower of Lugonu.
             Slain by a kobold
             ... wielding a +0 dagger
              (1 damage)
             ... on Level 1 of the Dungeon.
             The game lasted 00:00:34 (1521 turns).

gw the Ducker (Felid Abyssal Knight)                Turns: 1521, Time: 00:00:34

HP   0/14        AC  1     Str  8      XL: 2   Next: 51%
MP   3/3         EV 18     Int 13      God: Lugonu [*.....]
Gold 0           SH  0     Dex 15      Spells:  0 memorised,  1 level left
Lives: 0, deaths: 0

rFire  . . .     SeeInvis +       - Unarmed
rCold  . . .     Clarity  .     (armour unavailable)
rNeg   . . .     rCorr    .     (shield unavailable)
rPois  .         rRot     .     (helmet unavailable)
rElec  .         Spirit   .     (cloak unavailable)
SustAb .         Warding  .     (gloves unavailable)
rMut   .         Stasis   .     (boots unavailable)
Gourm  .                        (no amulet)
MR     .....                    (no ring)
                                (no ring)

@: quick, not resistant to hostile enchantments, unstealthy
A: paw claws, no armour, no weapons or thrown items, fangs 3, see invisible,
carnivore 3, speed 1, shaggy fur 1, slow metabolism 1, jump 1
a: Jump Attack, Depart the Abyss, Renounce Religion


You were on level 1 of the Dungeon.
You worshipped Lugonu.
Lugonu was aware of your devotion.
You were hungry.

You visited 1 branch of the dungeon, and saw 1 of its levels.
You visited the Abyss 1 time.

Inventory:

Comestibles
 a - a beef jerky
 c - 2 meat rations
Scrolls
 d - a scroll of immolation {unknown}
 e - a scroll of identify {unknown}
Potions
 b - a potion of brilliance {unknown}
 f - a potion of curing {unknown}


   Skills:
 + Level 3.1 Fighting
 + Level 3.8 Dodging
 * Level 2.5 Unarmed Combat
 + Level 1.7 Invocations


You had one spell level left.
You didn't know any spells.

Dungeon Overview and Level Annotations

Branches:
Dungeon (1/15)

Altars:


Innate Abilities, Weirdness & Mutations

You cannot wear armour.
You are incapable of wielding weapons or throwing items.
Your paws have sharp claws.
You have razor-sharp teeth.
You have supernaturally acute eyesight.
You are carnivorous and can eat meat at any time.
You cover ground quickly.
You are covered in fur (AC +1).
You have a slow metabolism.
You can jump attack at a short distance.


Message History

The jackal completely misses you. The jackal misses you.
ATTACK MOVE TO (-1,-1)
You scratch the jackal.
The jackal begins to bleed from its wounds!
The jackal is severely wounded.
The jackal barely misses you. The jackal bites you.
The jackal barely misses you.
ATTACK MOVE TO (-1,-1)
You barely miss the jackal.
The jackal is severely wounded.
The jackal misses you. The kobold hits you with a dagger.
The jackal completely misses you. The jackal closely misses you.
ATTACK MOVE TO (-1,-1)
You scratch the jackal.
You kill the jackal!
Lugonu accepts your kill. The jackal misses you. The kobold closely misses you.
The jackal bites you.
ATTACK MOVE TO (-1,1)
You closely miss the kobold. The kobold hits you with a dagger.
You die...

.#.........# ... #.##...#.....#
...........# #....#.##...#.....#
.#.........####....#.##.<.'..8..#
##.........#.......#.##...#.....#
###########.......#.##...#.....#
###.......#.###.###...##
.?........#.# ### #...#
.......)h..#.# ##.## ........h#
#.########(#
)......K.###.........)#
........(##...........###
##..!....................
#.........(.............
#........(..............
#......(................
...#...................
............########...


You could see a jackal and a kobold.

Table legend:
 A = Turns spent in this place as a percentage of turns spent in the entire game.
 B = Non-inter-level travel turns spent in this place as a percentage of non-inter-level travel turns spent in the entire game.
 C = Inter-level travel turns spent in this place as a percentage of turns spent in this place.
 D = Turns resting spent in this place as a percentage of non-inter-level travel turns spent in this place.
 E = Turns spent auto-exploring this place as a percentage of non-inter-level travel turns spent in this place.
 F = Non-inter-level travel turns spent in this place divided by the number of levels of this place that you've seen.
                   A       B       C       D       E      F
               +-------+-------+-------+-------+-------+----------------------
         Total | 100.0 | 100.0 |   0.0 |   8.1 |  14.7 | 129.5
       Dungeon |  95.4 |  95.4 |   0.0 |   8.5 |  14.2 | 247.0
         Abyss |   4.6 |   4.6 |   0.0 |   0.0 |  25.0 |  12.0
               +-------+-------+-------+-------+-------+----------------------

Table legend:
 A = Kills in this place as a percentage of kills in entire the game.
 B = Kills by you in this place as a percentage of kills by you in the entire game.
 C = Kills by friends in this place as a percentage of kills by friends in the entire game.
 D = Other kills in this place as a percentage of other kills in the entire game.
 E = Experience gained in this place as a percentage of experience gained in the entire game.
 F = Experience gained in this place divided by the number of levels of this place that you have seen.
                   A       B       C       D       E      F
               +-------+-------+-------+-------+-------+----------------------
         Total | 100.0 | 100.0 |  -nan |  -nan | 100.0 |  13.5
       Dungeon | 100.0 | 100.0 |  -nan |  -nan | 100.0 |  27.0
               +-------+-------+-------+-------+-------+----------------------

Vanquished Creatures
  4 bats (D:1)
  A giant cockroach (D:1)
  2 jackals (D:1)
  2 goblins (D:1)
  6 kobolds (D:1)
  4 rats (D:1)
19 creatures vanquished.

Notes
Turn   | Place    | Note
--------------------------------------------------------------
     0 | Abyss:1  | gw, the Felid Abyssal Knight, began the quest for the Orb.
     0 | Abyss:1  | Reached XP level 1. HP: 10/10 MP: 2/2
     2 | Abyss:1  | Found a corrupted altar of Lugonu.
    40 | Abyss:1  | Noticed a quasit
    40 | Abyss:1  | Noticed a starcursed mass
    40 | Abyss:1  | Noticed a small abomination
    47 | D:1      | Escaped the Abyss
   715 | D:1      | Acquired Lugonu's first power
   943 | D:1      | Reached XP level 2. HP: 14/14 MP: 3/3
  1521 | D:1      | Slain by a kobold

Action                   || total
-------------------------++-------
Melee: Unarmed           ||    73
Invok: Depart the Abyss  ||     1
 Stab: Distracted        ||     1

Vault maps used:
D:1:      minmay_arrival_shattered_statue
